 Dungeon Crawl Stone Soup version 0.24.0-123-gd5b16e6ec5 (webtiles) character file.

Game seed: 872121452087113954, levelgen mode: deterministic

2240 Goreval the Grappler (level 9, -4/88 HPs)
             Began as a Troll Berserker on Dec 18, 2019.
             Was a Priest of Trog.
             Hit by a boomerang thrown by an orc warrior (13 damage)
             ... on level 8 of the Dungeon.
             The game lasted 00:07:48 (6060 turns).

Goreval the Grappler (Troll Berserker)              Turns: 6060, Time: 00:07:48

Health: -4/88      AC:  6    Str: 35    XL:     9   Next: 14%
Magic:  8/8        EV: 12    Int:  3    God:    Trog [***...]
Gold:   310        SH:  0    Dex:  9    Spells: 8/8 levels left

rFire    . . .     SeeInvis .     - Unarmed
rCold    . . .     Gourm    +   (no shield)
rNeg     . . .     Faith    .   a - +0 animal skin
rPois    .         Spirit   .   (helmet restricted)
rElec    .         Reflect  .   (no cloak)
rCorr    .         Harm     .   (gloves unavailable)
MR       .....                  (boots unavailable)
Stlth    +.........             (no amulet)
HPRegen  0.64/turn              r - ring of flight
MPRegen  0.11/turn              (no ring)

@: mighty, berserk cooldown, slowed, very slow
A: large, unfitting armour, claws 3, fast metabolism 3, gourmand, regeneration
1, shaggy fur 1, tough skin 3
a: Berserk, Trog's Hand, Renounce Religion, Evoke Flight


You were on level 8 of the Dungeon.
You worshipped Trog.
Trog was most pleased with you.
You were full.

You visited 1 branch of the dungeon, and saw 8 of its levels.

You collected 310 gold pieces.

Inventory:

Missiles
 i - 192 stones (quivered)
 p - a throwing net
 q - 28 poisoned darts
 B - 11 boomerangs
Armour
 a - a +0 animal skin (worn)
Jewellery
 m - a +2 ring of strength {unknown}
 r - a ring of flight (left claw)
 v - a cursed ring of teleportation {unknown}
Wands
 u - a wand of scattershot (4)
 z - a wand of enslavement (12)
 E - a wand of disintegration (13)
Scrolls
 d - 3 scrolls of remove curse {unknown}
 e - a scroll of enchant armour {unknown}
 f - 3 scrolls of enchant weapon
 g - 4 scrolls of teleportation
 h - a scroll of random uselessness {unknown}
 j - 4 scrolls of identify
 l - 3 scrolls of fear {unknown}
 y - a scroll of immolation {unknown}
 A - 3 scrolls of magic mapping {unknown}
Potions
 c - a potion of curing
 k - 2 potions of agility {unknown}
 n - a potion of resistance {unknown}
 o - 3 potions of might
 s - a potion of berserk rage {unknown}
 t - a potion of brilliance {unknown}
 w - a potion of lignification {unknown}
 x - a potion of flight {unknown}
 D - a potion of ambrosia {unknown}
Comestibles
 b - 13 rations


   Skills:
 + Level 5.3 Fighting
 + Level 3.2 Throwing
 + Level 5.4 Dodging
 * Level 8.8 Unarmed Combat


You had 8 spell levels left.
You didn't know any spells.
Your spell library was empty.

Dungeon Overview and Level Annotations

Branches:
Dungeon (8/15)             Temple (0/1) D:4
   Lair: D:8-11

Altars:
Nemelex Xobeh
Qazlal
Trog
Vehumet
Zin
The Shining One

Shops:
D:4 (


Innate Abilities, Weirdness & Mutations

You are too large for most types of armour.
You have claws for hands.
Your metabolism is lightning-fast.
You like to eat raw meat.
Your natural rate of healing is unusually fast.
You are covered in fur. (AC +1)
You have extremely tough skin. (AC +3)


Message History

The weapon returns to the orc warrior!
Unknown command.
Okay, then.
You feel better. Something hits you.
* * * LOW HITPOINT WARNING * * *
The orc warrior throws a boomerang.
The boomerang closely misses you.
The weapon returns to the orc warrior!
The orc warrior throws a boomerang.
The boomerang barely misses you.
The weapon returns to the orc warrior!
You feel very mighty all of a sudden. Something hits you.
* * * LOW HITPOINT WARNING * * *
Something hits you.
* * * LOW HITPOINT WARNING * * *
The orc warrior throws a boomerang.
The boomerang barely misses you.
The weapon returns to the orc warrior!
You completely miss something. Something hits you but does no damage.
Something hits you.
* * * LOW HITPOINT WARNING * * *
The orc warrior throws a boomerang.
The boomerang hits you!
You die...

..o..o ..#### ....#
......##.. ..###....#
.........# ..#.....
.....oo.o####.....##
..............##...## ...
...........#.....#..# ...
........(.###.......#####
...
.......((oo)@))...#.....#
..
.#...##...)###.#......#.#
. ###....####
#.##.#####.# # ......#
#!##..# ##.##### ##.....
...###.###..#.... .......
..................
###.#.##
..#########.##.... #... .
..#####.##....
..............


You could see an orc warrior and an orc.

Vanquished Creatures
  A porcupine (D:8)
  A sky beast (D:5)
  A black bear (D:8)
  An orc warrior (D:8)
  A necrophage (D:7)
  2 ogres
  A big kobold (D:8)
  6 bullfrogs
  A wyvern skeleton (D:7)
  2 scorpions
  4 killer bees (D:7)
  A crimson imp (D:6)
  2 bullfrog zombies
  2 hounds
  3 orc wizards
  A bullfrog skeleton (D:5)
  3 orc priests
  2 iguanas (D:4)
  Natasha (twice) (D:3)
  2 worker ants
  A hound zombie (D:5)
  A howler monkey zombie (D:5)
  11 adders
  8 gnolls
  A howler monkey skeleton (D:5)
  A worm (D:2)
  A dart slug (D:1)
  6 leopard geckos
  19 orcs
  2 ball pythons
  5 giant cockroaches
  4 goblins
  6 hobgoblins
  9 jackals
  4 quokkas
  A ball python skeleton (D:5)
  5 bats
  3 frilled lizards
  12 kobolds
  A leopard gecko skeleton (D:6)
  A rat (D:2)
141 creatures vanquished.

Vanquished Creatures (others)
  2 fungi (D:8)
2 creatures vanquished.

Grand Total: 143 creatures vanquished

Notes
Turn   | Place    | Note
-------+----------+-------------------------------------------
     0 | D:1      | Goreval the Troll Berserker began the quest for the Orb.
     0 | D:1      | Reached XP level 1. HP: 22/22 MP: 0/0
   228 | D:1      | Reached XP level 2. HP: 29/29 MP: 1/1
   982 | D:2      | Reached XP level 3. HP: 33/36 MP: 2/2
  1215 | D:2      | Reached skill level 4 in Unarmed Combat
  1219 | D:2      | Reached XP level 4. HP: 35/44 MP: 3/3
  1416 | D:2      | Found a radiant altar of Vehumet.
  1532 | D:2      | Found a glowing silver altar of Zin.
  1881 | D:3      | Noticed Natasha
  1889 | D:3      | Killed Natasha
  1889 | D:3      | Reached XP level 5. HP: 53/53 MP: 4/4
  1970 | D:3      | Reached ** piety under Trog
  2160 | D:3      | Reached skill level 5 in Unarmed Combat
  2353 | D:3      | Noticed Natasha
  2357 | D:3      | Killed Natasha
  2501 | D:4      | Reached XP level 6. HP: 61/61 MP: 5/5
  2780 | D:4      | Found Ytaor's Antique Weapon Shop.
  2785 | D:4      | Found a staircase to the Ecumenical Temple.
  3085 | D:5      | Entered Level 5 of the Dungeon
  3097 | D:5      | Reached skill level 6 in Unarmed Combat
  3104 | D:5      | Reached XP level 7. HP: 55/68 MP: 6/6
  3183 | D:5      | Found a sparkling altar of Nemelex Xobeh.
  3337 | D:5      | Reached *** piety under Trog
  3515 | D:5      | Found a stormy altar of Qazlal.
  3517 | D:5      | Noticed a water elemental
  3518 | D:5      | Noticed a fire elemental
  3518 | D:5      | Noticed an air elemental
  4228 | D:6      | Found a bloodstained altar of Trog.
  4647 | D:7      | Reached skill level 7 in Unarmed Combat
  4685 | D:7      | Reached skill level 1 in Throwing
  4685 | D:7      | Reached XP level 8. HP: 27/79 MP: 7/7
  4776 | D:7      | Found a glowing golden altar of the Shining One.
  5462 | D:8      | Reached skill level 5 in Dodging
  5462 | D:8      | Reached skill level 8 in Unarmed Combat
  5465 | D:8      | Reached skill level 5 in Fighting
  5758 | D:8      | Reached XP level 9. HP: 34/88 MP: 8/8
  6060 | D:8      | Hit by a boomerang thrown by an orc warrior

Levels and vault maps discovered:
D:1:      matt_arrival_grand_opening, layout_loops_corners,
          minmay_misc_feat_roman
D:2:      layout_loops_cross, fiery_altar_vehumet, marbit_many_paths
D:3:      layout_rooms, uniq_natasha
D:4:      layout_rooms, tgw_xom, temple_fountains, serial_shops, shop_statue,
          first_ration, minmay_goblin_kobold_house
D:5:      layout_loops_ring, nicolae_qazlal_style_of_elements,
          nicolae_overflow_hidden_temple
D:6:      layout_gridville, basic_altar, kennysheep_generic_room_12
D:7:      layout_basic, grunt_decor_mini_mirrors, tso_metal_star
D:8:      layout_rooms, grunt_lair_entry_orc_guard_hut, serial_shops,
          kennysheep_little_box

Skill      XL: |  1  2  3  4  5  6  7  8 |
---------------+-------------------------+-----
Unarmed Combat | 4 5 6 7 8 |  8.8
Dodging        | 3 4 5 |  5.4
Fighting       | 3 4 5 |  5.3
Throwing       | 1 3 |  3.2

Action                   |  1- 3 |  4- 6 |  7- 9 || total
-------------------------+-------+-------+-------++-------
Melee: Unarmed           |    80 |   141 |   180 ||   401
       Punch             |     1 |     1 |     3 ||     5
Throw: Stone             |    11 |    85 |    89 ||   185
Invok: Berserk           |     1 |     7 |     4 ||    12
  Use: Potion            |       |       |     9 ||     9
       Scroll            |       |       |     3 ||     3
  Eat: Chunk             |    14 |    23 |    26 ||    63
       Ration            |       |       |     2 ||     2
Armor: Animal skin       |    25 |    43 |    61 ||   129
Dodge: Dodged            |    51 |    72 |   114 ||   237
